 Dungeon Crawl Stone Soup version 0.31-a0-963-ga325b2283a (webtiles) character file.

Game seed: 15971202030869956473

406 pokeman the Magician (level 6, -1/34 HPs)
             Began as a Deep Elf Hedge Wizard on Oct 24, 2023.
             Slain by an ogre
             ... wielding a +0 giant club
              (35 damage)
             ... on level 5 of the Dungeon on Oct 25, 2023.
             The game lasted 00:08:27 (4584 turns).

pokeman the Magician (Deep Elf Hedge Wizard)        Turns: 4584, Time: 00:08:28

Health: -1/34      AC:  8    Str:  7    XL:     6   Next: 56%
Magic:  12/18      EV: 13    Int: 21    God:
Gold:   142        SH:  0    Dex: 14    Spells: 7/19 levels left

rFire   + . .        v - +0 flail (venom)
rCold   . . .        (no shield)
rNeg    + . .        j - +1 robe {Will+}
rPois   .            s - +0 helmet
rElec   .            l - +0 cloak
rCorr   .            i - +2 pair of gloves
SInv    .            (no boots)
Will    +....        (no amulet)
Stlth   ++           q - ring of positive energy
HPRegen 0.25/turn    b - ring of protection from fire
MPRegen 0.16/turn

%: no passive effects
@: no status effects
A: no striking features
a: no special abilities


You were on level 5 of the Dungeon.
You visited 1 branch of the dungeon, and saw 5 of its levels.

You collected 142 gold pieces.

Inventory:

Hand Weapons
 v - a +0 flail of venom (weapon)
Armour
 i - a +2 pair of gloves (worn)
 j - a +1 robe of willpower (worn)
 l - a +0 cloak (worn)
 s - a +0 helmet (worn)
Magical Staves
 a - a staff of cold
 o - a staff of air
Jewellery
 b - a ring of protection from fire (right hand)
 q - a ring of positive energy (left hand)
 r - a ring of protection from cold
 t - a ring of positive energy
Scrolls
 e - 5 scrolls of teleportation {unknown}
 f - 4 scrolls of identify {unknown}
 g - a scroll of amnesia {unknown}
 u - a scroll of revelation {unknown}
 w - a scroll of brand weapon {unknown}
Potions
 c - 2 potions of curing {unknown}
 d - a potion of magic
 h - a potion of might {unknown}
 k - 2 potions of ambrosia {unknown}
 m - 2 potions of lignification {unknown}
 n - 3 potions of attraction {unknown}
 p - a potion of invisibility {unknown}


   Skills:
 + Level 1.3 Fighting
 - Level 1.0 Armour
 - Level 3.0 Dodging
 - Level 3.0 Stealth
 * Level 7.0 Spellcasting
 + Level 3.2 Conjurations
 - Level 1.1 Summonings
 - Level 1.1 Translocations
 + Level 1.1 Fire Magic
 - Level 1.1 Ice Magic
 - Level 1.1 Air Magic
 - Level 1.2 Poison Magic
 - Level 1.0 Evocations


You had 7 spell levels left.
You knew the following spells:

 Your Spells              Type           Power      Damage    Failure   Level
a - Magic Dart            Conj           80%        1d7       2%          1
b - Mephitic Cloud        Conj/Pois/Air  15%        N/A       12%         3
c - Call Imp              Summ           24%        N/A       9%          2
d - Blink                 Tloc           24%        N/A       9%          2
e - Flame Wave            Conj/Fire      16%        2d7       34%         4

Your spell library contained the following spells:

 Spells                   Type           Power      Damage    Failure   Level
 Apportation              Tloc           24%        N/A       5%          1
 Summon Small Mammal      Summ           48%        N/A       5%          1
 Necrotise                Necr           28%        1d5       9%          1
 Slow                     Hex            28%        N/A       9%          1
 Scorch                   Fire           24%        2d6       9%          2
 Cigotuvi's Dreadful Rot  Necr/Pois/Air  20%        N/A       10%         2
 Frozen Ramparts          Ice            24%        1d4       16%         3
 Gell's Gravitas          Tloc           12%        N/A       17%         3
 Teleport Other           Tloc           12%        N/A       17%         3
 Petrify                  Tmut/Erth      7%         N/A       65%         4
 Metabolic Englaciation   Hex/Ice        4%         N/A       88%         5
 Dispersal                Tloc           6%         N/A       100%        6
 Summon Cactus Giant      Summ           6%         N/A       100%        6


Dungeon Overview and Level Annotations

Branches:
Dungeon (5/15)
 Temple: D:4-7

Altars:
Nemelex Xobeh

Shops:
D:3 =


Message History

Confirm with . or Enter, or press ? or * to list all spells.
Aiming: Magic Dart (safe; 2% risk of failure)
Press: ? - help, Shift-Dir - straight line, f/p - ogre
Aim: an ogre, wielding a +0 giant club (100% to hit)
The magic dart hits the ogre.
The ogre is lightly wounded.
Casting: Magic Dart (safe; 2% risk of failure)
Confirm with . or Enter, or press ? or * to list all spells.
Aiming: Magic Dart (safe; 2% risk of failure)
Press: ? - help, Shift-Dir - straight line, f/p - ogre
Aim: an ogre, wielding a +0 giant club (lightly wounded, 100% to hit)
The magic dart hits the ogre.
The ogre is moderately wounded.
Casting: Magic Dart (safe; 2% risk of failure)
Confirm with . or Enter, or press ? or * to list all spells.
Aiming: Magic Dart (safe; 2% risk of failure)
Press: ? - help, Shift-Dir - straight line, f/p - ogre
Aim: an ogre, wielding a +0 giant club (moderately wounded, 100% to hit)
The magic dart hits the ogre.
The ogre is moderately wounded.
Casting: Magic Dart (safe; 2% risk of failure)
Confirm with . or Enter, or press ? or * to list all spells.
Okay, then.
Unknown command.
Casting: Mephitic Cloud (quite dangerous; 12% risk of failure)
Confirm with . or Enter, or press ? or * to list all spells.
Aiming: Mephitic Cloud (quite dangerous; 12% risk of failure)
Press: ? - help, Shift-Dir - straight line, f/p - ogre
Aim: an ogre, wielding a +0 giant club (moderately wounded, chance to affect: 77%)
The ball explodes into a vile cloud!
The stinking cloud engulfs the ogre but does no damage.
The ogre is moderately wounded.
The ogre is engulfed in noxious fumes.
Unknown command.
You thump the ogre!
The ogre is poisoned.
The ogre is heavily wounded.
The ogre is engulfed in noxious fumes.
The ogre hits you with a +0 giant club!!
Ouch! That really hurt!
You die...

.## ##### #####. ...#
##.... ....... .....
#..##.#...#...
.....####...#.....#...
.....○.....##....>....
....°○O.....##........
...#..@#..........##
##..#....#......#
...####.##.....##
................##
...................##
.....###............#
....####......##.#....
#............## .#....
##...##....†..## ..
...


You could see an ogre (very poisoned).

Vanquished Creatures
  A scorpion (D:4)
  A jelly (D:5)
  An orc priest (D:4)
  A hound (D:4)
  An orc wizard (D:4)
  Robin (D:3)
  5 adders
  3 gnolls (D:3)
  A shadow imp (D:5)
  3 worms
  4 dart slugs
  14 orcs
  10 endoplasms
  A giant cockroach (D:1)
  11 goblins
  17 hobgoblins
  4 jackals
  8 kobolds
  6 ball pythons
  8 bats
  5 frilled lizards
  11 rats
117 creatures vanquished.

Notes
Turn   | Place    | Note
-------+----------+-------------------------------------------
     0 | D:1      | pokeman the Deep Elf Hedge Wizard began the quest for the
                  | Orb.
     0 | D:1      | Reached XP level 1. HP: 10/10 MP: 7/7
   194 | D:1      | Reached XP level 2. HP: 15/15 MP: 4/9
   671 | D:2      | Reached skill level 5 in Spellcasting
   876 | D:2      | Reached XP level 3. HP: 20/20 MP: 7/11
   880 | D:2      | Learned a level 3 spell: Mephitic Cloud
   883 | D:2      | Learned a level 2 spell: Call Imp
   886 | D:2      | Learned a level 2 spell: Blink
  1096 | D:2      | Reached skill level 1 in Armour
  1506 | D:2      | Reached skill level 1 in Fighting
  1950 | D:3      | Reached XP level 4. HP: 25/25 MP: 8/13
  2255 | D:3      | Found Deledunk's Jewellery Emporium.
  2695 | D:3      | Noticed Robin
  2704 | D:3      | Killed Robin
  2801 | D:3      | Found a faded altar of an unknown god.
  3022 | D:3      | Reached XP level 5. HP: 16/29 MP: 4/15
  3031 | D:3      | Reached skill level 6 in Spellcasting
  3289 | D:4      | Found a sparkling altar of Nemelex Xobeh.
  3535 | D:4      | Reached skill level 1 in Evocations
  3605 | D:4      | Reached skill level 1 in Ice Magic
  3605 | D:4      | Reached skill level 1 in Air Magic
  3605 | D:4      | Reached skill level 1 in Poison Magic
  3605 | D:4      | Reached XP level 6. HP: 34/34 MP: 5/17
  3756 | D:4      | Learned a level 4 spell: Flame Wave
  4397 | D:5      | Entered Level 5 of the Dungeon
  4462 | D:5      | Reached skill level 7 in Spellcasting
  4462 | D:5      | Reached skill level 1 in Fire Magic
  4584 | D:5      | Slain by an ogre

Illustrated notes

Levels and vault maps discovered:
D:1:      heliophobic_arrival_ceremonial_halls, layout_rooms,
          minmay_tree_intersection
D:2:      layout_basic, minmay_strange_pillars
D:3:      layout_loops_ring, hellmonk_ecumenical_altar_pennies_from_heaven,
          serial_shops, nicolae_shop_gaudy_bauble, kennysheep_generic_room_9,
          uniq_robin
D:4:      layout_basic, nemelex_spade_bored_becter, serial_park_tiny_1
D:5:      layout_cave_pools, okawaru_altar_gauntlet_db, kennysheep_mini_moat,
          lemuel_tele_altar, gammafunk_ghost_cemetery, minivault_27,
          uniq_crazy_yiuf_cottage, uniq_sigmund, uniq_grinder

Skill      XL: |  1  2  3  4  5  6 |
---------------+-------------------+-----
Spellcasting   | 5 6 7 |  7.0
Armour         | 1 |  1.0
Fighting       | 1 |  1.3
Conjurations   | 2 3 |  3.2
Dodging        | 3 |  3.0
Stealth        | 3 |  3.0
Evocations     | 1 |  1.0
Ice Magic      | 1 |  1.1
Air Magic      | 1 |  1.1
Poison Magic   | 1 |  1.2
Fire Magic     | 1 |  1.1
Summonings     | |  1.1
Translocations | |  1.1

Action                     |  1- 3 |  4- 6 || total
---------------------------+-------+-------++-------
  Melee: Dagger            |    33 |       ||    33
         Mace              |     1 |    47 ||    48
         Flail             |       |    18 ||    18
   Cast: Magic Dart        |   106 |   161 ||   267
         Mephitic Cloud    |     1 |    12 ||    13
         Blink             |       |     1 ||     1
   Stab: Confused          |     1 |    10 ||    11
         Sleeping          |     1 |       ||     1
 Armour: Robe              |    22 |    33 ||    55
  Dodge: Dodged            |    25 |    68 ||    93

Table legend: (Time is in decaauts)
 A = Elapsed time spent in this place.
 B = Non-inter-level travel time spent in this place.
 C = Inter-level travel time spent in this place.
 D = Time resting spent in this place.
 E = Time spent auto-exploring this place.
 F = Levels seen in this place.
 G = Mean time per level.
                   A        B        C        D        E       F      G
               +--------+--------+--------+--------+--------+-----+--------+
         Total |   4608 |   4531 |     77 |    356 |   3439 |   5 |  921.6 |
       Dungeon |   4608 |   4531 |     77 |    356 |   3439 |   5 |  921.6 |
               +--------+--------+--------+--------+--------+-----+--------+

Top non-repeatable levels by time:
     D:3: 1492 daAuts
     D:2: 1146 daAuts
     D:4: 984 daAuts
     D:1: 798 daAuts
     D:5: 186 daAuts
